 Dungeon Crawl Stone Soup version 0.19.1-1-g22dce08 (webtiles) character file.

1446 sveltemanboy the Conjurer (level 8, -12/67 HPs)
             Began as a Pale Draconian Wizard on Jan 4, 2017.
             Was an Initiate of Ashenzari.
             Mangled by a troll (15 damage)
             ... on level 6 of the Dungeon.
             The game lasted 00:21:37 (5969 turns).

sveltemanboy the Conjurer (Pale Draconian Wizard)   Turns: 5969, Time: 00:21:37

Health: -12/67     AC:  8    Str:  9    XL:     8   Next: 46%
Magic:  4/12       EV: 12    Int: 22    God:    Ashenzari [......]
Gold:   116        SH:  0    Dex:  9    Spells: 4 memorised, 4 levels left

rFire  . . .     SeeInvis .     e - +6 hand axe (vamp)
rCold  . . .     Gourm    .     (armour unavailable)
rNeg   . . .     Faith    .     (no shield)
rPois  +         Spirit   .     a - +0 hat
rElec  .         Reflect  .     x - +0 cloak
rCorr  .         Harm     .     l - +0 pair of gloves
MR     .....                    (no boots)
Stlth  ++........               d - amulet of magic regeneration (curse)
                                (no ring)
                                k - ring of poison resistance

@: no status effects
A: breathe steam, unfitting armour, cold-blooded, AC +6
a: Breathe Steam, Curse Item, Renounce Religion


You were on level 6 of the Dungeon.
You worshipped Ashenzari.
Ashenzari was noncommittal.
You were near starving.

You visited 1 branch of the dungeon, and saw 6 of its levels.
You also visited: Sewer.

You collected 308 gold pieces.
You spent 192 gold pieces at shops.

Inventory:

Hand Weapons
 e - a +6 vampiric hand axe (weapon)
Armour
 a - a +0 hat (worn)
 l - a +0 pair of gloves (worn)
 x - a +0 cloak (worn)
 y - a +0 buckler of fire resistance
Jewellery
 d - a cursed amulet of magic regeneration (around neck)
 k - a ring of poison resistance (left hand)
 s - an uncursed ring of protection from magic
Scrolls
 f - 4 scrolls of identify
 h - a scroll of teleportation {unknown}
 q - a scroll of noise {unknown}
 v - a scroll of fear
 w - a scroll of random uselessness {unknown}
 z - 3 scrolls of immolation {unknown}
 A - a scroll of fog {unknown}
Potions
 g - a potion of cure mutation {unknown}
 j - 2 potions of cancellation
 m - 3 potions of curing {unknown}
 r - a potion of lignification {unknown}
 t - a potion of haste
 u - a potion of invisibility {unknown}
Books
 b - a book of Minor Magic

   Spells                             Type                      Level
   a - Magic Dart                     Conjuration                  1
   b - Blink                          Translocation                2
   c - Call Imp                       Summoning                    2
   d - Repel Missiles                 Charms/Air                   2
   e - Slow                           Hexes                        2
   f - Conjure Flame                  Conjuration/Fire             3
   g - Mephitic Cloud                 Conjuration/Poison/Air       3
 p - a book of Conjurations

   Spells                             Type                      Level
   a - Magic Dart                     Conjuration                  1
   b - Searing Ray                    Conjuration                  2
   c - Dazzling Spray                 Conjuration/Hexes            3
   d - Fulminant Prism                Conjuration/Hexes            4
   e - Iskenderun's Mystic Blast      Conjuration                  4
   f - Iskenderun's Battlesphere      Conjuration/Charms           5
Comestibles
 c - 8 bread rations
 i - a beef jerky
 n - 2 meat rations
 o - a slice of pizza


   Skills:
 + Level 4.3 Fighting
 + Level 4.7 Axes
 - Level 1.7 Dodging
 - Level 1.7 Stealth
 - Level 3.0 Spellcasting
 + Level 6.6 Conjurations
 - Level 4.0 Summonings
   Level 1.0 Translocations
 - Level 2.3 Air Magic
 - Level 1.0 Poison Magic


You had 4 spell levels left.
You knew the following spells:

 Your Spells              Type           Power        Failure   Level  Hunger
a - Magic Dart            Conj           ####         1%          1    None
b - Call Imp              Summ           ###.....     4%          2    ##.....
c - Conjure Flame         Conj/Fire      ###.....     12%         3    ###....
d - Mephitic Cloud        Conj/Pois/Air  ###.....     12%         3    ###....


Dungeon Overview and Level Annotations

Branches:
Dungeon (6/15)             Temple (0/1) D:4

Altars:
Ashenzari
Okawaru
Sif Muna
Yredelemnul

Shops:
D:5 =[


Innate Abilities, Weirdness & Mutations

You can breathe blasts of scalding, opaque steam.
Your pale cyan-grey scales are hard. (AC +6)
You cannot fit into any form of body armour.
You are cold-blooded and may be slowed by cold attacks.


Message History

Press: ? - help, Shift-Dir - straight line, f/p - troll
Aim: a troll (severely wounded, confused)
The magic dart hits the troll.
The troll is almost dead.
The troll is engulfed in noxious fumes.
Casting: Magic Dart
Confirm with . or Enter, or press ? or * to list all spells.
You can't see any susceptible monsters within range! (Use Z to cast anyway.) Unknown command.
Unknown command.
The troll seems less confused.
You hit the troll.
You feel better.
You tail-slap the troll, but do no damage.
The troll is almost dead.
The troll bites you!
* * * LOW HITPOINT WARNING * * *
The troll claws you but does no damage. The troll claws you.
* * * LOW HITPOINT WARNING * * *
The troll bites you!
You die...

#. # ...# #..
#(#..# ... .#..#
[.. ... #
#.#.#.#.# .#
#.......####..###
......)..........
.###...##.###.###
....#..T@###.#
..##...##...$.# .
##...#.###.#
###.#.# #.#.#
#.#.# #.#.#
#.#.###.##
########..........


You could see a troll.

Vanquished Creatures
  A hill giant (D:5)
  A human (D:2)
  An ice beast (D:5)
  A centaur (D:5)
  An ogre (D:5)
  A bullfrog (Sewer)
  A scorpion (D:4)
  A bullfrog zombie (D:5)
  An orc wizard (D:5)
  A human skeleton (D:2)
  An iguana (D:4)
  2 worker ants (D:5)
  A worker ant zombie (D:6)
  Robin (D:4)
  3 gnolls (D:5)
  10 adders
  2 shadow imps
  An adder zombie (D:5)
  A worm (D:3)
  3 dart slugs (D:1)
  9 leopard geckos
  13 orcs
  8 bats
  14 giant cockroaches
  17 goblins
  6 hobgoblins
  4 kobolds
  3 quokkas
  5 ball pythons
  A ball python skeleton (D:6)
  10 frilled lizards
  A jackal skeleton (D:6)
  A kobold skeleton (D:2)
  A leopard gecko skeleton (D:5)
  6 rats
134 creatures vanquished.

Vanquished Creatures (collateral kills)
  A bullfrog (Sewer)
  A water moccasin skeleton (D:5)
  A jelly (D:5)
  An iguana (D:4)
  A worker ant (D:4)
  Terence (D:3)
  The ghost of dscm the Shield-Bearer, a weakling OpFi (D:5)
  A shadow imp (D:6)
  An adder zombie (D:5)
  2 orcs (D:3)
  A giant cockroach (D:2)
  A goblin (D:4)
  2 hobgoblins
  A frilled lizard (D:2)
16 creatures vanquished.

Vanquished Creatures (others)
  A leopard gecko (D:2)
  A goblin (D:2)
  A hobgoblin (D:2)
  2 kobolds (D:2)
  A bat (D:2)
6 creatures vanquished.

Grand Total: 156 creatures vanquished

Notes
Turn   | Place    | Note
-------+----------+-------------------------------------------
     0 | D:1      | sveltemanboy the Draconian Wizard began the quest for the Orb.
     0 | D:1      | Reached XP level 1. HP: 14/14 MP: 4/4
   201 | D:1      | Reached skill level 2 in Conjurations
   409 | D:1      | Reached XP level 2. HP: 20/20 MP: 1/6
   413 | D:1      | Learned a level 2 spell: Call Imp
  1230 | D:2      | Reached XP level 3. HP: 9/26 MP: 0/7
  1405 | D:2      | Found a runed door.
  1405 | D:2      | Found a basalt altar of Yredelemnul.
  1405 | D:2      | Noticed a human
  1534 | D:2      | Reached skill level 3 in Conjurations
  1534 | D:2      | Reached XP level 4. HP: 15/33 MP: 0/8
  1711 | D:2      | Learned a level 3 spell: Conjure Flame
  1716 | D:2      | Learned a level 3 spell: Mephitic Cloud
  1794 | D:2      | Found a deep blue altar of Sif Muna.
  1860 | D:2      | Killed a human
  1860 | D:2      | Reached XP level 5. HP: 23/38 MP: 7/9
  2062 | D:3      | Reached skill level 4 in Conjurations
  2398 | D:3      | Noticed Terence
  2479 | D:3      | Killed Terence
  2778 | D:3      | Found an iron altar of Okawaru.
  2778 | D:3      | Found a shattered altar of Ashenzari.
  2782 | D:3      | Became a worshipper of Ashenzari the Shackled
  3244 | D:4      | Found a glowing drain.
  3292 | D:4      | Reached XP level 6. HP: 45/45 MP: 10/10
  3308 | Sewer    | Entered a sewer
  3384 | Sewer    | Reached skill level 1 in Axes
  3523 | Sewer    | Reached skill level 1 in Air Magic
  3953 | D:4      | Noticed Robin
  4027 | D:4      | Killed Robin
  4035 | D:4      | Found a staircase to the Ecumenical Temple.
  4092 | D:4      | Reached skill level 5 in Conjurations
  4204 | D:4      | Your scales start taking on a pale cyan-grey colour.
  4204 | D:4      | Reached XP level 7. HP: 32/50 MP: 11/11
  4512 | D:5      | Entered Level 5 of the Dungeon
  4554 | D:5      | Reached skill level 1 in Poison Magic
  4600 | D:5      | Found Zupt's Jewellery Boutique.
  4695 | D:5      | Noticed dscm's ghost (weakling OpFi)
  4720 | D:5      | Killed dscm's ghost
  4739 | D:5      | HP: 2/51 [orc wizard/magic dart (8)]
  4876 | D:5      | Reached skill level 1 in Fighting
  5308 | D:5      | Noticed a hill giant
  5355 | D:5      | Killed a hill giant
  5355 | D:5      | Reached skill level 6 in Conjurations
  5355 | D:5      | Reached XP level 8. HP: 38/66 MP: 1/12
  5426 | D:5      | Found Wiloin's Armour Shop.
  5431 | D:5      | Bought a +0 cloak for 54 gold pieces
  5431 | D:5      | Bought a +0 buckler of fire resistance for 138 gold pieces
  5915 | D:6      | Noticed a troll
  5969 | D:6      | HP: 3/67 [troll (2)]
  5969 | D:6      | Mangled by a troll

Skill      XL: |  1  2  3  4  5  6  7  8 |
---------------+-------------------------+-----
Conjurations   | 2 3 4 5 6 |  6.6
Summonings     | 2 3 4 |  4.0
Axes           | 2 4 |  4.7
Air Magic      | 2 |  2.3
Poison Magic   | 1 |  1.0
Fighting       | 3 4 |  4.3
Dodging        | |  1.7
Stealth        | |  1.7
Spellcasting   | |  3.0
Translocations | |  1.0

Action                   |  1- 3 |  4- 6 |  7- 9 || total
-------------------------+-------+-------+-------++-------
Melee: Unarmed           |    12 |       |       ||    12
       Short sword       |    65 |    43 |       ||   108
       Tailslap          |     3 |    10 |     5 ||    18
       Hand axe          |       |    93 |   138 ||   231
 Cast: Magic Dart        |    44 |    77 |    31 ||   152
       Call Imp          |     7 |    16 |    20 ||    43
       Conjure Flame     |       |     1 |     1 ||     2
       Mephitic Cloud    |       |     4 |    10 ||    14
Invok: Curse Item        |       |       |     1 ||     1
  Use: Potion            |     2 |     2 |       ||     4
       Scroll            |       |     4 |       ||     4
 Stab: Sleeping          |       |     1 |     1 ||     2
       Distracted        |       |     1 |       ||     1
  Eat: Chunk             |     2 |    10 |     6 ||    18
       Meat ration       |       |     1 |       ||     1
Armor: Skin              |    36 |    46 |    43 ||   125
Dodge: Dodged            |    76 |   112 |    87 ||   275
